 Dungeon Crawl Stone Soup version 0.18.1-8-gdd0e5ea (webtiles) character file.

351 Gagarin the Magician (level 6, -4/43 HPs)
             Began as a Demonspawn Transmuter on May 29, 2016.
             Killed from afar by an orc wizard (8 damage)
             ... with a magic dart
             ... on level 4 of the Dungeon.
             The game lasted 00:17:15 (5365 turns).

Gagarin the Magician (Demonspawn Transmuter)        Turns: 5365, Time: 00:17:16

Health: -4/43      AC:  2    Str: 11    XL:     6   Next: 34%
Magic:  9/11       EV: 17    Int: 16    God:
Gold:   191        SH:  0    Dex: 13    Spells: 2 memorised, 7 levels left

rFire  + . .     SeeInvis .     i - +0 dagger
rCold  . . .     Gourm    .     b - +0 robe
rNeg   . . .     Faith    .     (no shield)
rPois  .         Spirit   .     (no helmet)
rElec  .         Dismiss  .     (no cloak)
rCorr  .         Reflect  .     (no gloves)
SustAt .         Harm     .     (no boots)
MR     .....                    (no amulet)
Stlth  +++.......               u - +4 ring of evasion
                                p - ring of protection from fire

@: very slightly contaminated, not resistant to hostile enchantments, fairly
stealthy
A: foul stench 1, nightstalker 1, rot immunity
a: no special abilities


You were on level 4 of the Dungeon.
You were hungry.

You visited 1 branch of the dungeon, and saw 4 of its levels.

You collected 191 gold pieces.

Inventory:

Hand Weapons
 i - a +0 dagger (weapon)
Missiles
 a - 49 arrows
 g - 40 poisoned needles
 s - 7 tomahawks of returning (quivered)
Armour
 b - a +0 robe (worn)
Jewellery
 p - a ring of protection from fire (left hand)
 u - a +4 ring of evasion (right hand)
Wands
 m - a wand of disintegration (4/24)
 o - a wand of flame (17/48)
 t - a wand of disintegration (12/24)
Scrolls
 e - a scroll of remove curse
 f - 2 scrolls of recharging
 h - 2 scrolls of identify
 q - a scroll of fog {unknown}
 r - a scroll of amnesia {unknown}
Potions
 l - 3 potions of might {unknown}
 n - a potion of haste {unknown}
 w - a potion of lignification {unknown}
Books
 c - a book of Changes

   Spells                             Type                      Level
   a - Beastly Appendage              Transmutation                1
   b - Sticks to Snakes               Transmutation                2
   c - Spider Form                    Transmutation/Poison         3
   d - Ice Form                       Ice/Transmutation            4
   e - Blade Hands                    Transmutation                5
 x - a book of Annihilations

   Spells                             Type                      Level
   a - Poison Arrow                   Conjuration/Poison           6
   b - Chain Lightning                Conjuration/Air              8
   c - Lehudib's Crystal Spear        Conjuration/Earth            8
   d - Glaciate                       Conjuration/Ice              9
   e - Fire Storm                     Conjuration/Fire             9
Comestibles
 d - 2 bread rations
 j - 2 beef jerkies


   Skills:
 + Level 1.5 Fighting
 + Level 0.8 Short Blades
 + Level 3.1 Dodging
 + Level 2.0 Stealth
 + Level 3.1 Unarmed Combat
 + Level 3.3 Spellcasting
 + Level 3.1 Transmutations
 + Level 0.8 Poison Magic
 + Level 0.8 Evocations


You had 7 spell levels left.
You knew the following spells:

 Your Spells              Type           Power        Failure   Level  Hunger
a - Beastly Appendage     Trmt           ##....       8%          1    None
b - Spider Form           Trmt/Pois      #.........   28%         3    ###....


Dungeon Overview and Level Annotations

Branches:
Dungeon (4/15)
 Temple: D:4-7

Altars:


Innate Abilities, Weirdness & Mutations

You may emit foul miasma when damaged in melee.
You are slightly more attuned to the shadows.
You are immune to rotting.


Message History

You miscast Spider Form.
You are very lightly contaminated with residual magic.
You feel slightly ill.
The orc wizard mumbles some strange words.
The orc wizard blinks!
The orc misses you.
The orc wizard casts a spell.
The orc wizard blinks!
The orc priest calls upon Beogh to heal the orc.
The orc's wounds heal themselves!
The orc wizard mumbles some strange words.
The orc wizard blinks!
The orc priest looks braver for a moment.
The orc priest looks braver for a moment.
The orc wizard points at you and mumbles some strange words.
The magic dart hits you!
* * * LOW HITPOINT WARNING * * *
The orc priest looks braver for a moment.
The orc wizard gestures at you while chanting.
The magic dart hits you!
You die...

#..##.............# #W#
##.8.#.............# #.#
##...........)..)...# #.#
#.8...8.............## #.#
.....................# #.#
....>......####'####.#########.##
...........'....# #............#
)†8...8...o#########.############
)?.......o..ro..@.........#
..#.8.###########.##.####.#
..+..... #..........# ..#######
.####.##### ..# #.# ### #.# #.#
#.# ###### #.#


You could see an orc wizard, an orc and a quokka.

Vanquished Creatures
  A phantom (D:4)
  An ogre (D:4)
  An orc wizard (D:4)
  A worker ant (D:4)
  5 adders
  An ooze (D:3)
  An adder skeleton (D:4)
  A worm (D:3)
  A dart slug (D:3)
  3 giant geckos
  8 orcs
  5 giant cockroaches
  3 goblins
  10 hobgoblins
  4 jackals (D:3)
  6 kobolds
  A quokka (D:3)
  A ball python (D:2)
  2 bats
  3 giant newts (D:2)
  8 rats
67 creatures vanquished.

Notes
Turn   | Place    | Note
--------------------------------------------------------------
     0 | D:1      | Gagarin the Demonspawn Transmuter began the quest for the Orb.
     0 | D:1      | Reached XP level 1. HP: 15/15 MP: 3/3
   550 | D:1      | You fall through a shaft!
   761 | D:1      | Gained mutation: You are slightly more attuned to the shadows. [demonic ancestry]
   761 | D:1      | Reached XP level 2. HP: 20/21 MP: 3/5
  1754 | D:2      | Reached XP level 3. HP: 24/26 MP: 4/6
  1759 | D:2      | Learned a level 3 spell: Spider Form
  3124 | D:3      | Reached skill level 1 in Stealth
  3124 | D:3      | Gained mutation: You are immune to rotting. [demonic ancestry]
  3124 | D:3      | Reached XP level 4. HP: 13/32 MP: 7/7
  4552 | D:4      | Noticed an ogre
  4569 | D:4      | Killed an ogre
  4569 | D:4      | Reached XP level 5. HP: 37/37 MP: 5/9
  4946 | D:4      | Noticed a phantom
  5085 | D:4      | Killed a phantom
  5085 | D:4      | Gained mutation: You may emit foul miasma when damaged in melee. [demonic ancestry]
  5085 | D:4      | Reached XP level 6. HP: 14/43 MP: 9/11
  5345 | D:4      | HP: 2/43 [orc wizard/magic dart (7)]
  5365 | D:4      | Killed from afar by an orc wizard

Skill      XL: |  1  2  3  4  5  6 |
---------------+-------------------+-----
Transmutations | 2 3 |  3.1
Unarmed Combat | 3 |  3.1
Dodging        | 2 3 |  3.1
Stealth        | 1 2 |  2.0
Spellcasting   | 3 |  3.3
Fighting       | |  1.5
Short Blades   | |  0.8
Poison Magic   | |  0.8
Evocations     | |  0.8

Action                   |  1- 3 |  4- 6 || total
-------------------------+-------+-------++-------
Melee: Unarmed           |   103 |    27 ||   130
       Kick              |    11 |     5 ||    16
       Dagger            |    67 |    77 ||   144
       Punch             |     3 |     1 ||     4
       Headbutt          |    12 |    10 ||    22
Throw: Tomahawk          |       |     7 ||     7
 Cast: Beastly Appendage |    28 |    10 ||    38
       Spider Form       |     2 |     5 ||     7
Evoke: Wand              |       |    17 ||    17
  Use: Scroll            |     3 |       ||     3
       Potion            |       |     3 ||     3
 Stab: Sleeping          |     9 |     6 ||    15
  Eat: Chunk             |     8 |     6 ||    14
       Pizza             |       |     1 ||     1
Armor: Robe              |    27 |     5 ||    32
       Skin              |     1 |     1 ||     2
Dodge: Dodged            |   100 |    75 ||   175
